 Dungeon Crawl Stone Soup version 0.31-a0-217-g58bb5d79cf (webtiles) character file.

Game seed: 2660212754416938869

96 qw the Shooter (level 4, -4/36 HPs)
             Began as a Minotaur Hexslinger on July 2, 2023.
             Slain by Ijyb
             ... wielding a +3 spectral club
              (5 damage)
             ... on level 3 of the Dungeon.
             The game lasted 00:00:46 (1735 turns).

qw the Shooter (Minotaur Hexslinger)                Turns: 1735, Time: 00:00:46

Health: -4/36      AC:  5    Str: 11 (13) XL:     4   Next: 41%
Magic:  4/4        EV: 10    Int:  7 (10) God:
Gold:   147        SH:  0    Dex: 12 (14) Spells: 4/5 levels left

rFire   . . .        Y - +1 sling
rCold   . . .        (no shield)
rNeg    . . .        f - +0 ring mail
rPois   .            (helmet restricted)
rElec   .            (no cloak)
rCorr   .            (no gloves)
SInv    .            (no boots)
Will    .....        (no amulet)
Stlth   +            (no ring)
HPRegen 0.26/turn    (no ring)
MPRegen 0.09/turn

%: no passive effects
@: no status effects
A: horns 2, retaliatory headbutt
a: no special abilities


You were on level 3 of the Dungeon.
You visited 1 branch of the dungeon, and saw 3 of its levels.

You collected 147 gold pieces.


Innate Abilities, Weirdness & Mutations

You have a pair of horns on your head.
You reflexively headbutt those who attack you in melee.


   Skills:
 - Level 2.0 Fighting
 + Level 4.7 Ranged Weapons
 - Level 1.3 Armour
 - Level 2.1 Dodging
 - Level 1.0 Spellcasting
 - Level 2.0 Hexes


You had 4 spell levels left.
You knew the following spells:

 Your Spells              Type           Power      Damage    Failure   Level
a - Slow                  Hex            12%        N/A       41%         1

Your spell library contained the following spells:

 Spells                   Type           Power      Damage    Failure   Level
 Inner Flame              Hex/Fire       1%         N/A       89%         3
 Portal Projectile        Hex/Tloc       2%         N/A       89%         3
 Cause Fear               Hex            1%         N/A       99%         4

Inventory:

Hand Weapons
 Y - a +1 sling (weapon)
Armour
 f - a +0 ring mail (worn)
Jewellery
 e - a ring of fire
 g - a ring of magical power
Scrolls
 a - 3 scrolls of identify
 b - a scroll of fog {unknown}
Potions
 c - a potion of mutation {unknown}
 h - a potion of haste
 i - a potion of lignification {unknown}

Dungeon Overview and Level Annotations

Branches:
Dungeon (3/15)

Altars:
Uskayaw

Annotations:
D:3 Ijyb


Message History

Ijyb is lightly wounded.
Ijyb closely misses you. You furiously retaliate!
You headbutt Ijyb!
The +3 spectral club closely misses you.
Ijyb closely misses you. The +3 spectral club misses you.
You shoot a sling bullet. The sling bullet hits Ijyb.
Ijyb is severely wounded.
Ijyb zaps a wand.
You resist with some effort.
You shoot a sling bullet. The sling bullet closely misses Ijyb.
The +3 spectral club disappears.
Ijyb hits you with a +3 spectral club. The +3 spectral club hits you.
A +3 spectral club comes into view.
You shoot a sling bullet. The sling bullet closely misses Ijyb.
Ijyb zaps a wand.
Your will is overpowered!
You are confused.
The +3 spectral club disappears.
Ijyb hits you with a +3 spectral club. The +3 spectral club hits you.
A +3 spectral club comes into view.
1730 ||| DRINKING potion of curing.
You feel better.
1730 ||| (to cure confusion) Ijyb hits you with a +3 spectral club!
The +3 spectral club hits you.
You shoot a sling bullet.
The sling bullet hits Ijyb but does no damage.
Ijyb is severely wounded.
Ijyb zaps a wand.
You resist with some effort.
The now-empty wand crumbles to dust.
You shoot a sling bullet.
The sling bullet hits Ijyb but does no damage.
Ijyb is severely wounded.
The +3 spectral club disappears.
Ijyb hits you with a +3 spectral club. The +3 spectral club hits you.
A +3 spectral club comes into view.
You shoot a sling bullet.
The sling bullet hits Ijyb but does no damage.
Ijyb is severely wounded.
Ijyb hits you with a +3 spectral club. The +3 spectral club hits you.
You shoot a sling bullet. The sling bullet barely misses Ijyb.
Ijyb hits you with a +3 spectral club. The +3 spectral club hits you.
You shoot a sling bullet. The sling bullet closely misses Ijyb.
Ijyb hits you with a +3 spectral club.
You die...

#..........# #..........#
## #.......[..# .######
#..........# ......#
#..........# ~7P...#
#..(.......# ~~....#
#..!..g....# ~~~~..###
#@#### ~~~~~...#
#....###...
~~~~~P#.########........#
~~~P..#.............####..
~~P.P........#.##...#
~....P#####.>..##...#
~~....# #.####.[..#
.~..P.#####.#....####
.P...P#.......#####


You could see a +3 spectral club and Ijyb.

Vanquished Creatures
  3 adders (D:2)
  2 worms
  A dart slug (D:1)
  5 bats
  4 endoplasms
  4 giant cockroaches
  5 goblins
  8 hobgoblins
  2 jackals (D:2)
  2 quokkas
  8 ball pythons
  2 frilled lizards (D:1)
  5 kobolds
  8 rats
59 creatures vanquished.

Notes
Turn   | Place    | Note
-------+----------+-------------------------------------------
     0 | D:1      | qw the Minotaur Hexslinger began the quest for the Orb.
     0 | D:1      | Reached XP level 1. HP: 16/16 MP: 1/1
     0 | D:1      | 0 ||| qw: Version: 0.3-a-40-ge99b1a8
     0 | D:1      | 0 ||| qw: Game counter: 7961
     0 | D:1      | 0 ||| qw: Melee chars always use a shield: true
     0 | D:1      | 0 ||| qw: God list: Okawaru
     0 | D:1      | 0 ||| qw: Allow faded altars: false
     0 | D:1      | 0 ||| qw: Do Orc after clearing Dungeon:15 true
     0 | D:1      | 0 ||| qw: Do second Lair branch before Depths: true
     0 | D:1      | 0 ||| qw: Lair rune preference: random
     0 | D:1      | 0 ||| qw: Goals: Normal
     0 | D:1      | 0 ||| PLANNING D:1-11
   135 | D:1      | Reached skill level 3 in Ranged Weapons
   136 | D:1      | Reached XP level 2. HP: 23/23 MP: 2/2
   509 | D:1      | Found a faded altar of an unknown god.
   795 | D:1      | Reached XP level 3. HP: 29/29 MP: 3/3
   889 | D:1      | 889 ||| UPGRADING to +0 ring mail.
   899 | D:1      | 899 ||| DROPPING +0 robe.
   900 | D:1      | 900 ||| READING 3 scrolls labelled KICINN ELLEOMI.
   901 | D:1      | 901 ||| READING scroll labelled RAICEBR MIUXU.
   902 | D:1      | 902 ||| READING scroll labelled WATTIU HECSO.
   903 | D:1      | 903 ||| DROPPING scroll of poison.
   935 | D:2      | HP: 4/29 [worm (8)]
  1062 | D:2      | Found a hide-covered altar of Uskayaw.
  1103 | D:2      | Reached skill level 4 in Ranged Weapons
  1154 | D:2      | Reached skill level 1 in Armour
  1410 | D:2      | Reached XP level 4. HP: 32/36 MP: 4/4
  1485 | D:2      | 1485 ||| DRINKING 2 smoky purple potions.
  1486 | D:2      | 1486 ||| DRINKING 2 glowing blue potions.
  1487 | D:2      | 1487 ||| DRINKING 2 silvery potions.
  1488 | D:2      | 1488 ||| DRINKING 2 smoky green potions.
  1489 | D:2      | 1489 ||| READING 4 scrolls of identify.
  1489 | D:2      | 1489 ||| IDENTIFYING bubbling purple potion
  1490 | D:2      | 1490 ||| DROPPING potion of degeneration.
  1491 | D:2      | 1491 ||| DROPPING potion of brilliance.
  1492 | D:2      | 1492 ||| DROPPING potion of attraction.
  1724 | D:3      | Noticed Ijyb
  1730 | D:3      | 1730 ||| DRINKING potion of curing.
  1730 | D:3      | 1730 ||| (to cure confusion)
  1734 | D:3      | HP: 5/36 [Ijyb/+3 spectral club (5)]
  1734 | D:3      | HP: 1/36 [+3 spectral club[Ijyb] (4)]
  1735 | D:3      | Slain by Ijyb

Levels and vault maps discovered:
D:1:      amcnicky_arrival_single_pillar, layout_basic,
          shapermc_ecumenical_altar_petra, minmay_statues_item,
          minmay_pentomino_u4
D:2:      layout_basic, basic_altar
D:3:      layout_rooms, lemuel_round_altar, ebering_ghost_sewer_f,
          guppyfry_early_lair_pool, uniq_ijyb

Skill      XL: |  1  2  3 |
---------------+----------+-----
Ranged Weapons | 3 4 |  4.7
Fighting       | 2 |  2.0
Armour         | 1 |  1.3
Dodging        | |  2.1
Spellcasting   | |  1.0
Hexes          | |  2.0

Action                     |  1- 3 |  4- 6 || total
---------------------------+-------+-------++-------
   Fire: Sling             |   120 |    61 ||   181
    Use: Scroll            |     3 |     1 ||     4
         Potion            |       |     5 ||     5
 Armour: Robe              |     4 |       ||     4
         Ring mail         |    12 |     9 ||    21
  Dodge: Dodged            |    20 |    31 ||    51

Table legend:
 A = Non-vault XP
 B = Vault XP
 C = Vault XP percentage of total XP
 D = Non-vault monster count
 E = Vault monster count
 F = Vault count percentage of total count
                 A         B        C        D         E       F
            +---------+---------+-------+---------+---------+-------
      Total |     138 |       0 |   0.0 |      59 |       0 |   0.0
            +---------+---------+-------+---------+---------+-------
        D:1 |      55 |       0 |   0.0 |      34 |       0 |   0.0
        D:2 |      63 |       0 |   0.0 |      15 |       0 |   0.0
        D:3 |      20 |       0 |   0.0 |      10 |       0 |   0.0
            +---------+---------+-------+---------+---------+-------
